Map: Blackpink EC

Players

llllllllllll - Winner!

  • Race: Protoss Protoss
  • League: Grandmaster
  • Spawn Location: 7:00

IIIllIIIllII

  • Race: Zerg Zerg
  • League: Grandmaster
  • Spawn Location: 1:00

VOD

Have the link to the VOD?

Description

Time

  • Played on: March 7, 2018, 5:19 p.m.
  • Length: 4:19
Show
View Real Time Build Order
Export as new Build Order

llllllllllll Protoss - Winner!

Build Orders: Cannon Rush 

Get SALT Encoding   

  12  0:00  Probe  
  13  0:13  Probe  
  14  0:17  Pylon  
  14  0:25  Probe (Chrono Boost)  
  15  0:37  Probe (Chrono Boost)  
  15  0:39  Forge  
  16  0:43  Probe (Chrono Boost)  
  17  0:52  Probe  
  18  0:57  Pylon  
  18  1:06  Assimilator  
  18  1:17  Photon Cannon  
  18  1:19  Gateway  
  18  1:26  Gateway  
  18  1:33  Probe  
  19  1:40  Photon Cannon  
  19  1:45  Probe  
  20  1:52  Photon Cannon  
  20  2:00  Pylon  
  20  2:10  Cybernetics Core  
  20  2:19  Photon Cannon  
  20  2:34  Photon Cannon  
  20  2:44  Stalker x2 (Chrono Boost)  
  24  2:52  Shield Battery  
  24  2:56  Shield Battery  
  24  3:04  Stalker (Chrono Boost)  
  28  3:17  Stalker (Chrono Boost)  
  28  3:25  Photon Cannon  
  28  3:30  Stalker  
  30  3:36  Photon Cannon  
  30  3:47  Shield Battery  
  30  3:58  Photon Cannon  
  32  4:12  Photon Cannon  
Show
View Real Time Build Order
Export as new Build Order

IIIllIIIllII Zerg 

Build Orders: Hatch First 

Get SALT Encoding   

  12  0:01  Drone  
  13  0:12  Overlord  
  13  0:17  Drone  
  14  0:30  Drone x2  
  14  0:34  Drone  
  17  0:51  Hatchery  
  17  0:54  Drone  
  17  0:57  Drone  
  17  1:03  Extractor  
  17  1:13  Spawning Pool  
  17  1:15  Drone  
  17  1:19  Drone  
  18  1:27  Drone  
  19  1:42  Overlord  
  19  1:49  Drone  
  20  1:59  Queen  
  22  2:01  Zergling x2  
  22  2:03  Queen  
  24  2:11  Zergling x2  
  24  2:15  Spine Crawler  
  24  2:16  Extractor  
  24  2:21  Zergling x4  
  25  2:28  Roach Warren  
  24  2:31  Spine Crawler  
  24  2:35  Zergling x2  
  24  2:40  Zergling x2  
  25  2:46  Drone  
  25  2:48  Drone  
  27  2:58  Drone  
  27  2:59  Drone  
  29  3:08  Roach  
  30  3:23  Roach x2  
  34  3:35  Ravager  
  34  3:36  Overlord  
  33  3:45  Ravager  
  33  3:46  Roach  
  34  3:56  Roach  
  34  3:57  Roach  
Tags
 
Add a new tag
Caveats
  • Supply blocks, unpowered buildings, or Contaminate may cause inaccurate times.
  • Supply counts are checked every 10 seconds.